 Dungeon Crawl Stone Soup version 0.17.0-7-gfadd4cc (webtiles) character file.

380 oplop the Sneak (level 6, -2/30 HPs)
             Began as a Vine Stalker Assassin on Nov 8, 2015.
             Slain by a slave (5 damage)
             ... led by Pikel
             ... while paralysed by Pikel
             ... on level 4 of the Dungeon.
             The game lasted 00:05:46 (2413 turns).

oplop the Sneak (Vine Stalker Assassin)             Turns: 2413, Time: 00:05:47

Health: -2/30      AC:  5    Str: 14    XL:     6   Next: 75%
Magic:  0/7        EV:  2    Int: 11    God:
Gold:   194        SH:  0    Dex: 17    Spells: 0 memorised, 5 levels left

rFire  . . .     SeeInvis .     a - +2 dagger
rCold  . . .     Clarity  .     c - +0 robe
rNeg   . . .     SustAt   .     (no shield)
rPois  +         Gourm    .     m - +2 hat
rElec  .         Spirit   +     d - +0 cloak
rCorr  .         Warding  .     (no gloves)
rMut   .         Stasis   .     (no boots)
MR     .....                    (no amulet)
Stlth  +++.......               (no ring)
                                j - ring of poison resistance

@: paralysed, not resistant to hostile enchantments, fairly stealthy
A: fangs 2, regeneration 2, magic shield, antimagic bite, no device heal 3, rot
immunity
a: no special abilities


You were on level 4 of the Dungeon.
You were not hungry.

You visited 1 branch of the dungeon, and saw 4 of its levels.

You collected 194 gold pieces.

Inventory:

Hand Weapons
 a - a +2 dagger (weapon)
 b - a +0 blowgun
 r - a +1 dagger of protection
Missiles
 e - 24 poisoned needles
 f - a curare-tipped needle
Armour
 c - a +0 robe (worn)
 d - a +0 cloak (worn)
 m - a +2 hat (worn)
Jewellery
 j - a ring of poison resistance (left hand)
Wands
 s - a wand of fireball (5)
Scrolls
 k - 3 scrolls of random uselessness {unknown}
 l - 7 scrolls of identify {unknown}
 o - a scroll of fear {unknown}
 t - a scroll of magic mapping {unknown}
Potions
 h - a potion of degeneration {unknown}
 i - 2 potions of heal wounds {unknown}
 q - a potion of brilliance {unknown}
Comestibles
 g - 2 bread rations
 n - a slice of pizza
 p - a beef jerky
 u - a royal jelly


   Skills:
 - Level 1.7 Fighting
 + Level 3.5 Short Blades
 + Level 3.7 Throwing
 + Level 2.5 Dodging
 + Level 6.2 Stealth


You had 5 spell levels left.
You didn't know any spells.

Dungeon Overview and Level Annotations

Branches:
Dungeon (4/15)             Temple (0/1) D:4

Altars:
Gozag
Vehumet
Zin
The Shining One

Annotations:
D:4 Pikel


Innate Abilities, Weirdness & Mutations

You have extremely sharp teeth.
You heal very quickly.
When hurt, damage is shared between your health and your magic reserves.
Your bite disrupts and absorbs the magic of your enemies.
Potions and wands cannot restore your health.
You are immune to rotting.


Message History

A slave comes into view.
The slave hits you. Pikel hits you with a whip of flaming. Pikel burns you.
A slave comes into view.
The slave hits you. Pikel hits you with a whip of flaming. Pikel burns you.
The slave hits you.
* * * LOW HITPOINT WARNING * * *
Pikel zaps a wand.
You easily resist.
The slave hits you.
* * * LOW HITPOINT WARNING * * *
The slave shouts!
Pikel zaps a wand.
You easily resist.
The giant newt bites you but does no damage.
The slave hits you.
* * * LOW HITPOINT WARNING * * *
Pikel hits you with a whip of flaming.
* * * LOW HITPOINT WARNING * * *
Pikel burns you.
* * * LOW HITPOINT WARNING * * *
The giant newt bites you but does no damage.
The slave hits you.
You die...

#........ ≈.
#.$..[pl ≈≈≈.
#.....p §≈≈≈≈#
#.....
≈>≈§§.###.p.l.
§≈≈§≈≈.......#
≈§§≈≈......pK# #
≈§≈.......@.# ..
#.##.....l.# #.
#..........#
##.######.......#
###...............#
..#...............#
................###
................#
................#


You could see Pikel, 4 slaves, 2 giant geckos and a giant newt.

Vanquished Creatures
  Sigmund (D:3)
  2 orc wizards (D:3)
  5 adders
  3 gnolls
  An ooze (D:3)
  4 worms
  4 orcs (D:3)
  A ball python (D:2)
  7 bats
  2 giant cockroaches
  8 goblins
  4 hobgoblins
  9 kobolds
  A quokka (D:2)
  2 giant geckos (D:1)
  3 giant newts
  12 jackals
  6 rats
75 creatures vanquished.

Notes
Turn   | Place    | Note
--------------------------------------------------------------
     0 | D:1      | oplop the Vine Stalker Assassin began the quest for the Orb.
     0 | D:1      | Reached XP level 1. HP: 11/11 MP: 2/2
    71 | D:1      | Reached skill level 1 in Dodging
   118 | D:1      | Reached XP level 2. HP: 15/15 MP: 1/3
   405 | D:1      | Reached skill level 5 in Stealth
   451 | D:1      | Reached XP level 3. HP: 18/18 MP: 4/4
   799 | D:2      | Found a glowing golden altar of the Shining One.
  1044 | D:2      | Reached XP level 4. HP: 23/23 MP: 5/5
  1247 | D:2      | Found a radiant altar of Vehumet.
  1570 | D:3      | Reached XP level 5. HP: 26/26 MP: 6/6
  1677 | D:3      | Found a glowing silver altar of Zin.
  1892 | D:3      | Found an opulent altar of Gozag.
  2178 | D:3      | Noticed Sigmund
  2184 | D:3      | Gained mutation: You heal very quickly. [Vine Stalker growth]
  2184 | D:3      | Reached XP level 6. HP: 30/30 MP: 7/7
  2202 | D:3      | Killed Sigmund
  2202 | D:3      | Reached skill level 6 in Stealth
  2402 | D:4      | Noticed Pikel
  2403 | D:4      | Found a staircase to the Ecumenical Temple.
  2407 | D:4      | Paralysed by Pikel for 7 turns
  2413 | D:4      | Slain by a slave

Action                   |  1- 3 |  4- 6 || total
-------------------------+-------+-------++-------
Melee: Dagger            |   120 |   103 ||   223
 Fire: Blowgun           |    12 |    51 ||    63
 Stab: Sleeping          |     8 |     5 ||    13
       Distracted        |       |     1 ||     1
  Eat: Chunk             |       |     4 ||     4
       Beef jerky        |       |     1 ||     1
